 Dungeon Sprint DCSS version 0.30-a0-1124-g6e8f0f562f (webtiles) character file.

Game seed: 2727307079671270725

3100000 PLAYERX the Imperceptible (level 18, -4/140 HPs)
             Began as a Gargoyle Gladiator on Apr 23, 2023.
             Was a High Priest of Makhleb.
             Slain by a large bag of meat
             ... wielding a +9 giant spiked club
              (62 damage)
             ... in the Dungeon (Sprint VIII: "Arena of Blood").
             The game lasted 00:03:38 (31 turns).

PLAYERX the Imperceptible (Gargoyle Gladiator)        Turns: 31, Time: 00:03:39

Health: -4/140     AC: 21    Str: 23    XL:     18   Next: 53%
Magic:  15/33      EV: 20    Int: 12    God:    Makhleb [*****.]
Gold:   0          SH:  0    Dex: 11    Spells: 17/17 levels left

rFire   . . .        l - +∞ Axe of Woe
rCold   . . .        (shield currently unavailable)
rNeg    + . .        b - +0 leather armour
rPois   ∞            c - +0 helmet
rElec   +            (no cloak)
rCorr   .            (no gloves)
SInv    .            (no boots)
Will    +....        (no amulet)
Stlth   ++++++++     (no ring)
HPRegen 0.43/turn    (no ring)
MPRegen 0.23/turn

%: no teleportation
@: flying
A: sickness immunity, AC +13, big wings, negative energy resistance 1,
electricity resistance, torment resistance 1, petrification resistance
a: Renounce Religion, Minor Destruction, Lesser Servant of Makhleb, Major
Destruction, Greater Servant of Makhleb


You were in the Dungeon.
You worshipped Makhleb.
Makhleb was extremely pleased with you.
You visited 1 branch

Inventory:

Hand Weapons
 a - a +0 war axe
 l - the +∞ Axe of Woe (weapon)
   (You found it in the Dungeon)
Missiles
 d - 3 throwing nets (quivered)
Armour
 b - a +0 leather armour (worn)
 c - a +0 helmet (worn)
Scrolls
 k - a scroll of blinking
Potions
 f - a potion of curing
 g - a potion of heal wounds
 h - a potion of haste
 i - 2 potions of magic
 j - a potion of berserk rage


   Skills:
 + Level 24.8 Fighting
 + Level 24.4 Axes
 + Level 21.3 Throwing
 + Level 23.2 Armour
 + Level 22.3 Dodging
 + Level 25.1 Stealth
 + Level 23.2 Invocations


You had 17 spell levels left.
You didn't know any spells.
Your spell library was empty.

Dungeon Overview and Level Annotations

Branches:
Dungeon (1/1)

Altars:
Makhleb


Innate Abilities, Weirdness & Mutations

You are immune to sickness and miasma.
Your stone body is resilient. (AC +13)
You are immune to poison.
Your large and strong wings let you fly.
You resist negative energy. (rN+)
You are resistant to electric shocks. (rElec)
You are resistant to unholy torment.
You are immune to petrification.


Message History

Flame seeps out of the large bag of meat. x2
The large bag of meat is lightly wounded.
You hear two shouts!
You hear a shout! x3
A bag of meat comes into view. It is wielding a +9 war axe.
The bag of meat is engulfed in blazing flames.
You hear a shout!
The large bag of meat is engulfed in blazing flames.
You hear a shout! x3
The large bag of meat is engulfed in blazing flames.
You hear a shout! x2
You slice the bag of meat!!
You fatally mangle the bag of meat.
You kill the bag of meat!
Makhleb accepts your kill.
You feel better.
You hear a shout!
The meat berserker rages.
You hear a shout! x2
A bag of meat comes into view. It is wielding a +9 war axe.
The destroyer points at you and mumbles some strange words.
The destroyer blinks!
You hear a shout!
A meat berserker comes into view. It is wielding a +9 battleaxe.
You hear a shout!
A meat berserker comes into view. It is wielding a +9 battleaxe.
You hear a shout!
Your Armour skill increases to level 23!
Your Stealth skill increases to level 25!
Your Invocations skill increases to level 23!
A demon appears!
The meat berserker hits you with a +9 battleaxe!!!
You hear a shout! x2
The large bag of meat is engulfed in blazing flames.
The meat berserker rages.
You hear a shout!
A bag of meat comes into view. It is wielding a +9 war axe.
The large bag of meat is engulfed in blazing flames.
A large bag of meat comes into view. It is wielding a +9 giant spiked club.
The large bag of meat is engulfed in blazing flames.
The large bag of meat hits you with a +9 giant spiked club!!!
You die...

..... ... #... ...#
. #... ...# .
..###... ...###..
......###......
...O.._......
#..)).# #_)2)_#
#.)))@#
#........_.OO......
........###OO......
...###... O°.###...
.. #... oO.# ..
#o..O.o.# oo..o.o..
....o§O....


You could see 5 large bags of meat, 4 meat berserkers, 5 bags of meat and a
friendly green death (summoned).

Vanquished Creatures
  8 ogres (D)
  13 orcs (D)
21 creatures vanquished.

Notes
Turn   | Place    | Note
-------+----------+-------------------------------------------
     0 | D        | Found the +∞ Axe of Woe
     0 | D        | PLAYERX the Gargoyle Gladiator began the quest for the Orb.
     0 | D        | Reached XP level 1. HP: 12/12 MP: 1/1
     2 | D        | Noticed a bag of meat
     3 | D        | Noticed a bag of meat
     4 | D        | Became a worshipper of Makhleb the Destroyer
     5 | D        | Noticed a bag of meat
     5 | D        | Noticed a bag of meat
     5 | D        | Noticed a bag of meat
     5 | D        | Noticed a bag of meat
     7 | D        | Killed a bag of meat
     8 | D        | Reached skill level 10 in Fighting
     8 | D        | Reached skill level 15 in Axes
     8 | D        | Reached XP level 2. HP: 28/28 MP: 2/2
     8 | D        | Reached XP level 3. HP: 32/32 MP: 3/3
     8 | D        | Reached XP level 4. HP: 37/37 MP: 4/4
     8 | D        | Reached XP level 5. HP: 42/42 MP: 5/5
     8 | D        | Reached XP level 6. HP: 48/48 MP: 6/6
     8 | D        | Reached XP level 7. HP: 52/52 MP: 7/7
     8 | D        | Reached XP level 8. HP: 57/57 MP: 8/8
     8 | D        | Reached XP level 9. HP: 62/62 MP: 9/9
     8 | D        | Reached XP level 10. HP: 68/68 MP: 10/10
     8 | D        | Reached XP level 11. HP: 72/72 MP: 11/11
     8 | D        | Noticed a bag of meat
     9 | D        | Noticed a meat berserker
     9 | D        | Killed a bag of meat
     9 | D        | Reached * piety under Makhleb
     9 | D        | Noticed a meat berserker
    10 | D        | Reached skill level 10 in Throwing
    10 | D        | Reached skill level 6 in Stealth
    10 | D        | Reached XP level 12. HP: 81/81 MP: 11/16
    10 | D        | Killed a bag of meat
    11 | D        | Reached skill level 15 in Dodging
    11 | D        | Reached skill level 9 in Stealth
    11 | D        | Killed a bag of meat
    11 | D        | Noticed a meat berserker
    12 | D        | Reached skill level 10 in Armour
    12 | D        | Reached skill level 11 in Stealth
    12 | D        | Reached skill level 10 in Invocations
    12 | D        | Reached XP level 13. HP: 90/90 MP: 11/20
    12 | D        | Noticed a bag of meat
    12 | D        | Noticed a meat berserker
    12 | D        | Noticed a meat berserker
    13 | D        | Killed a meat berserker
    13 | D        | Reached ** piety under Makhleb
    13 | D        | Killed a bag of meat
    13 | D        | Noticed a meat berserker
    14 | D        | Reached skill level 14 in Stealth
    14 | D        | Gained mutation: Your large and strong wings let you fly.
                  | [Gargoyle growth]
    14 | D        | Reached XP level 14. HP: 100/100 MP: 11/23
    14 | D        | Noticed a bag of meat
    14 | D        | Killed a meat berserker
    14 | D        | Killed a meat berserker
    14 | D        | Reached *** piety under Makhleb
    14 | D        | Noticed a bag of meat
    15 | D        | Reached skill level 15 in Throwing
    15 | D        | Reached skill level 15 in Armour
    15 | D        | Reached skill level 16 in Stealth
    15 | D        | Reached skill level 15 in Invocations
    15 | D        | Reached XP level 15. HP: 108/108 MP: 11/26
    15 | D        | Killed a meat berserker
    16 | D        | Reached skill level 18 in Stealth
    17 | D        | Noticed a meat berserker
    17 | D        | Killed a meat berserker
    18 | D        | Reached skill level 19 in Stealth
    18 | D        | Reached XP level 16. HP: 118/118 MP: 12/28
    18 | D        | Killed a meat berserker
    18 | D        | Reached **** piety under Makhleb
    18 | D        | Killed a meat berserker
    19 | D        | Reached skill level 21 in Stealth
    19 | D        | Reached XP level 17. HP: 128/128 MP: 12/30
    20 | D        | Noticed a meat berserker
    21 | D        | Reached skill level 22 in Stealth
    21 | D        | Reached ***** piety under Makhleb
    22 | D        | Reached skill level 23 in Stealth
    23 | D        | Noticed a large bag of meat
    25 | D        | Reached skill level 24 in Stealth
    25 | D        | Reached XP level 18. HP: 138/138 MP: 13/33
    25 | D        | Noticed a large bag of meat
    26 | D        | Noticed a large bag of meat
    26 | D        | Killed a meat berserker
    26 | D        | Noticed a meat berserker
    27 | D        | Noticed a destroyer
    27 | D        | Noticed a large bag of meat
    29 | D        | Noticed a meat berserker
    30 | D        | Noticed a meat berserker
    30 | D        | Noticed a meat berserker
    31 | D        | Reached skill level 25 in Stealth
    31 | D        | Noticed a large bag of meat
    31 | D        | Slain by a large bag of meat

Illustrated notes

Levels and vault maps discovered:
D:        meatsprint

Skill      XL: |  1  2  3  4  5  6  7  8  9 10 11 12 13 14 15 16 17 18 |
---------------+-------------------------------------------------------+-----
Fighting       | 10 11 14 16 18 19 21 23 24 | 24.8
Axes           | 15 16 17 18 19 21 22 23 24 | 24.4
Throwing       | 8 10 11 13 15 17 18 20 21 | 21.3
Dodging        | 13 14 15 16 18 19 20 21 22 | 22.3
Armour         | 6 10 13 15 17 19 22 23 | 23.2
Stealth        | 6 11 14 16 19 21 24 25 | 25.1
Invocations    | 6 10 13 15 17 19 22 23 | 23.2

Action                     |  1- 3 |  4- 6 |  7- 9 | 10-12 | 13-15 | 16-18 || total
---------------------------+-------+-------+-------+-------+-------+-------++-------
  Melee: Executioner's axe |     1 |       |       |     3 |     4 |     7 ||    15
  Throw: Javelin           |       |       |       |       |       |     1 ||     1
 Invoke: Major Destruction |       |       |       |       |       |     3 ||     3
         Greater Servant o |       |       |       |       |       |     1 ||     1

Table legend: (Time is in decaauts)
 A = Elapsed time spent in this place.
 B = Non-inter-level travel time spent in this place.
 C = Inter-level travel time spent in this place.
 D = Time resting spent in this place.
 E = Time spent auto-exploring this place.
 F = Levels seen in this place.
 G = Mean time per level.
                   A        B        C        D        E       F      G
               +--------+--------+--------+--------+--------+-----+--------+
         Total |     29 |     29 |      0 |      0 |      0 |   1 |   29.0 |
       Dungeon |     29 |     29 |      0 |      0 |      0 |   1 |   29.0 |
               +--------+--------+--------+--------+--------+-----+--------+

Top non-repeatable levels by time:
       D: 29 daAuts
